 Dungeon Crawl Stone Soup version 0.27-a0-972-gd1521fd518 (webtiles) character file.

Game seed: 3702222579197235086

47 Morbidden the Conjurer (level 3, -8/26 HPs)
             Began as a Draconian Conjurer on Apr 13, 2021.
             Mangled by a gnoll
             ... wielding a +2 whip of electrocution
              (12 damage)
             ... on level 2 of the Dungeon.
             The game lasted 00:01:37 (1594 turns).

Morbidden the Conjurer (Draconian Conjurer)         Turns: 1594, Time: 00:01:38

Health: -8/26      AC:  6    Str:  9    XL:     3   Next: 48%
Magic:  6/6        EV: 12    Int: 19    God:
Gold:   48         SH:  0    Dex:  9    Spells: 3/6 levels left

rFire    + . .     SeeInvis .   a - +0 dagger (venom)
rCold    . . .     Faith    .   (no shield)
rNeg     . . .     Spirit   .   (armour unavailable)
rPois    .         Reflect  .   d - +1 hat
rElec    .         Harm     .   (no cloak)
rCorr    .         Rampage  .   (no gloves)
Will     .....                  (no boots)
Stlth    ++........             (no amulet)
HPRegen  0.08/turn              c - ring of protection from fire
MPRegen  0.10/turn              (no ring)

@: no status effects
A: AC +5, unfitting armour, cold-blooded
a: no special abilities


You were on level 2 of the Dungeon.
You visited 1 branch of the dungeon, and saw 2 of its levels.

You collected 48 gold pieces.

Inventory:

Hand Weapons
 a - a +0 dagger of venom (weapon)
Armour
 d - a +1 hat (worn)
Jewellery
 c - a ring of protection from fire (left hand)
Scrolls
 b - 3 scrolls of magic mapping {unknown}
 e - 2 scrolls of identify {unknown}


   Skills:
 + Level 2.0 Dodging
 + Level 1.9 Stealth
 + Level 0.1 Unarmed Combat
 + Level 2.4 Spellcasting
 + Level 4.8 Conjurations


You had 3 spell levels left.
You knew the following spells:

 Your Spells              Type           Power      Damage    Failure   Level
a - Magic Dart            Conj           80%        1d7       2%          1
b - Searing Ray           Conj           40%        3d4       3%          2

Your spell library contained the following spells:

 Spells                   Type           Power      Damage    Failure   Level
 Dazzling Flash           Conj/Hex       22%        N/A       19%         3
 Fulminant Prism          Conj/Hex       5%         3d7       52%         4
 Iskenderun's Mystic Bla  Conj/Tloc      11%        2d4       52%         4


Dungeon Overview and Level Annotations

Branches:
Dungeon (2/15)

Altars:


Innate Abilities, Weirdness & Mutations

Your plain brown scales are hard. (AC +5)
You cannot fit into any form of body armour.
You are cold-blooded and may be slowed by cold attacks.


Message History

No target in view!
No target in view!
HP restored.
You see here a +0 club.
Found 11 arrows. 2 gnolls come into view.
The gnoll shouts! x2
There are monsters nearby!
The gnoll barely misses you.
The gnoll hits you from afar with a +0 halberd.
You hit the gnoll but do no damage.
The gnoll is poisoned.
Your tail-slap misses the gnoll.
The gnoll misses you. The gnoll closely misses you.
Unknown command.
You hit the gnoll but do no damage.
The gnoll looks as sick as possible!
You tail-slap the gnoll, but do no damage.
The gnoll is heavily wounded.
The gnoll closely misses you.
You closely miss the gnoll.
The gnoll is heavily wounded.
The gnoll barely misses you.
A gnoll comes into view.
It is wielding a +2 whip of electrocution.
The gnoll shouts!
You hit the gnoll but do no damage.
The gnoll looks as sick as possible!
Your tail-slap misses the gnoll.
The gnoll is severely wounded.
You kill the gnoll!
Unknown command.
You closely miss the gnoll. The gnoll closely misses you.
You closely miss the gnoll. The gnoll barely misses you.
The gnoll hits you with a +2 whip of electrocution.
You hit the gnoll.
The gnoll is poisoned.
Your tail-slap misses the gnoll.
The gnoll is lightly wounded.
The gnoll closely misses you. x2
You hit the gnoll but do no damage.
The gnoll is poisoned.
The gnoll hits you with a +0 halberd.
The gnoll hits you with a +2 whip of electrocution.
* * * LOW HITPOINT WARNING * * *
You are electrocuted!
You die...

#. .(. ####.... #.
#.# #....... #. #.#
#.###### #. #.# #.#
##. #.# #.# #
#..####.######.##....
#........)..†....#
##g###........####
##@#####..#### ##g#
#..# #.## #..# #g##
#..# ..# #..# #.#
#..# #. #


You could see 2 gnolls.

Vanquished Creatures
  A gnoll (D:2)
  An adder (D:2)
  A dart slug (D:1)
  3 ball pythons
  2 bats (D:1)
  An endoplasm (D:1)
  4 goblins
  A hobgoblin (D:1)
  2 jackals (D:2)
  5 kobolds
  3 frilled lizards
  A rat (D:1)
25 creatures vanquished.

Notes
Turn   | Place    | Note
-------+----------+-------------------------------------------
     0 | D:1      | Morbidden the Draconian Conjurer began the quest for the
                  | Orb.
     0 | D:1      | Reached XP level 1. HP: 14/14 MP: 3/3
   380 | D:1      | Reached XP level 2. HP: 19/20 MP: 0/5
   682 | D:1      | Found a faded altar of an unknown god.
   985 | D:1      | Learned a level 2 spell: Searing Ray
  1352 | D:2      | Reached XP level 3. HP: 26/26 MP: 1/6
  1594 | D:2      | Mangled by a gnoll

Illustrated notes

Levels and vault maps discovered:
D:1:      lightli_arrival_boilingwater, layout_basic,
          chequers_ecumenical_altar_simple_redux, minmay_misc_feat_four_crosses,
          minivault_23, grunt_decor_fettered
D:2:      layout_loops_ring

Skill      XL: |  1  2 |
---------------+-------+-----
Dodging        | 2 |  2.0
Stealth        | |  1.9
Unarmed Combat | |  0.1
Spellcasting   | |  2.4
Conjurations   | |  4.8

Action                   || total
-------------------------++-------
Melee: Unarmed           ||     5
       Tailslap          ||     2
       Dagger            ||    10
 Cast: Magic Dart        ||    39
       Searing Ray       ||     1
Armor: Skin              ||     3
Dodge: Dodged            ||    11

Table legend: (Time is in decaauts)
 A = Elapsed time spent in this place.
 B = Non-inter-level travel time spent in this place.
 C = Inter-level travel time spent in this place.
 D = Time resting spent in this place.
 E = Time spent auto-exploring this place.
 F = Levels seen in this place.
 G = Mean time per level.
                   A        B        C        D        E       F      G
               +--------+--------+--------+--------+--------+-----+--------+
         Total |   1596 |   1536 |     60 |      0 |   1431 |   2 |  798.0 |
       Dungeon |   1596 |   1536 |     60 |      0 |   1431 |   2 |  798.0 |
               +--------+--------+--------+--------+--------+-----+--------+

Top non-repeatable levels by time:
     D:1: 1299 daAuts
     D:2: 297 daAuts
